 Dungeon Crawl Stone Soup version 0.17.0-15-g6d90897 (webtiles) character file.

93 septik the Cudgeler (level 4, -1/28 HPs)
             Began as a Gargoyle Fighter on Nov 10, 2015.
             Slain by an ogre
             ... wielding a +0 giant club
              (3 damage)
             ... on level 3 of the Dungeon.
             The game lasted 00:03:32 (1649 turns).

septik the Cudgeler (Gargoyle Fighter)              Turns: 1649, Time: 00:03:32

Health: -1/28      AC: 10    Str: 24    XL:     4   Next: 61%
Magic:  4/4        EV:  7    Int:  9    God:
Gold:   151        SH:  9    Dex: 10    Spells: 0 memorised, 3 levels left

rFire  . . .     SeeInvis .     a - +0 flail
rCold  . . .     Clarity  .     b - +0 scale mail
rNeg   + . .     SustAt   .     c - +0 shield
rPois  ∞         Gourm    .     (no helmet)
rElec  +         Spirit   .     (no cloak)
rCorr  .         Warding  .     (no gloves)
rMut   .         Stasis   .     (no boots)
MR     .....                    (no amulet)
Stlth  ..........               (no ring)
                                (no ring)

@: mighty, not resistant to hostile enchantments, extremely unstealthy
A: negative energy resistance 1, electricity resistance, unbreathing,
petrification resistance, rot immunity, AC +3
a: no special abilities


You were on level 3 of the Dungeon.
You were not hungry.

You visited 1 branch of the dungeon, and saw 3 of its levels.

You collected 151 gold pieces.

Inventory:

Hand Weapons
 a - a +0 flail (weapon)
 k - a +2 hunting sling of velocity
Missiles
 h - 109 stones (quivered)
Armour
 b - a +0 scale mail (worn)
 c - a +0 shield (worn)
 f - a +0 buckler
Jewellery
 i - an uncursed ring of fire {unknown}
Wands
 w - a wand of frost (35)
Scrolls
 g - 6 scrolls of identify {unknown}
 j - a scroll of random uselessness {unknown}
 n - 2 scrolls of remove curse {unknown}
 q - a scroll of teleportation {unknown}
Potions
 l - 3 potions of curing {unknown}
 m - a potion of brilliance {unknown}
 o - a potion of ambrosia {unknown}
 p - a potion of invisibility {unknown}
 r - a potion of heal wounds {unknown}
 u - a potion of lignification {unknown}
 v - a potion of poison {unknown}
Comestibles
 e - a bread ration
 s - a meat ration
 t - 19 chunks of flesh


   Skills:
 - Level 3.2 Fighting
 + Level 4.6 Maces & Flails
 - Level 3.2 Armour
 - Level 3.2 Shields


You had 3 spell levels left.
You didn't know any spells.

Dungeon Overview and Level Annotations

Branches:
Dungeon (3/15)

Altars:
Dithmenos
Gozag
Zin


Innate Abilities, Weirdness & Mutations

You are resistant to torment.
Your stone body is resilient (AC +3).
You are immune to poison.
You resist negative energy.
You are resistant to electric shocks.
You can survive without breathing.
You are immune to petrification.
You are immune to rotting.


Message History

You are too injured to fight recklessly!
You are too injured to fight recklessly!
You are too injured to fight recklessly!
You are too injured to fight recklessly!
You are too injured to fight recklessly!
Unknown command.
Your shield prevents you from hitting the ogre.
The ogre barely misses you.
You hit the ogre but do no damage. The ogre closely misses you.
Drink which item? (? for menu, Esc to quit)
You feel very mighty all of a sudden.
You barely miss the ogre. The ogre hits you but does no damage.
You sock the ogre!
The ogre is moderately wounded.
The ogre hits you with a giant club!
* * * LOW HITPOINT WARNING * * *
You hit the ogre.
The ogre is heavily wounded.
The ogre hits you with a giant club.
You die...

##.## ##
#...# .
#...#.#
#...#. #....
#.#.#####
##.#.....#..
#.@Ow.....r.
#..#####.#..
#........#
#.......##
#........#
#........#
#.........
#........#
#....#.#..


You could see an ogre and a worm.

Vanquished Creatures
  Robin (D:3)
  An adder (D:2)
  A gnoll (D:1)
  2 worms (D:2)
  3 giant geckos
  3 giant cockroaches (D:1)
  5 hobgoblins
  A quokka (D:3)
  2 ball pythons
  9 bats
  3 giant newts
  14 goblins
  8 kobolds
  A rat (D:2)
54 creatures vanquished.

Notes
Turn   | Place    | Note
--------------------------------------------------------------
     0 | D:1      | septik the Gargoyle Fighter began the quest for the Orb.
     0 | D:1      | Reached XP level 1. HP: 14/14 MP: 1/1
    35 | D:1      | Reached XP level 2. HP: 19/19 MP: 2/2
   315 | D:1      | Reached XP level 3. HP: 23/23 MP: 3/3
   773 | D:2      | Reached skill level 4 in Maces & Flails
   773 | D:2      | Reached XP level 4. HP: 28/28 MP: 4/4
  1073 | D:2      | Found a shadowy altar of Dithmenos.
  1367 | D:2      | Found a glowing silver altar of Zin.
  1367 | D:2      | Found an opulent altar of Gozag.
  1539 | D:3      | Noticed Robin
  1564 | D:3      | Killed Robin
  1634 | D:3      | Noticed an ogre
  1649 | D:3      | Slain by an ogre

Action                   |  1- 3 |  4- 6 || total
-------------------------+-------+-------++-------
Melee: Flail             |    97 |    87 ||   184
  Use: Potion            |       |     1 ||     1
  Eat: Chunk             |       |     3 ||     3
